 Dungeon Crawl Stone Soup version 0.18.1-48-g4cf74bf (webtiles) character file.

101147 Peloso the Peltast (level 15, -5/139 HPs)
             Began as a Minotaur Fighter on Aug 25, 2016.
             Was the Champion of Okawaru.
             Killed from afar by an orc sorcerer (17 damage)
             ... with a bolt of fire
             ... on level 2 of the Orcish Mines.
             The game lasted 01:14:11 (25121 turns).

Peloso the Peltast (Minotaur Fighter)              Turns: 25121, Time: 01:14:13

Health: -5/139     AC: 34    Str: 24    XL:     15   Next: 82%
Magic:  14/15      EV: 12    Int:  8    God:    Okawaru [******]
Gold:   1944       SH: 19    Dex: 18    Spells: 0 memorised, 14 levels left

rFire  . . .     SeeInvis .     Z - +2 demon blade (drain)
rCold  . . .     Gourm    .     Y - +2 crystal plate armour
rNeg   . . .     Faith    +     U - +1 shield {reflect}
rPois  .         Spirit   .     b - +2 hat {Int+3}
rElec  .         Dismiss  .     D - +1 cloak
rCorr  .         Reflect  +     u - +0 pair of gloves
SustAt .         Harm     .     (no boots)
MR     +....                    k - amulet of faith
Stlth  ..........               q - +5 ring of dexterity
                                (no ring)

@: about to teleport, heroism, somewhat resistant to hostile enchantments,
extremely unstealthy
A: retaliatory headbutt, horns 2
a: Heroism, Finesse, Renounce Religion


You were on level 2 of the Orcish Mines.
You worshipped Okawaru.
Okawaru was exalted by your worship.
You were not hungry.

You visited 4 branches of the dungeon, and saw 26 of its levels.
You also visited: Labyrinth and Ice Cave.

You collected 3121 gold pieces.
You spent 1177 gold pieces at shops.

Inventory:

Hand Weapons
 B - a +2 long sword of electrocution
 L - a +4 scimitar of flaming
 Z - a +2 demon blade of draining (weapon)
Armour
 b - a +2 hat of intelligence (worn)
 u - a +0 pair of gloves (worn)
 D - a +1 cloak (worn)
 U - a +1 shield of reflection (worn)
 Y - a +2 crystal plate armour (worn)
Jewellery
 k - an amulet of faith (around neck)
 m - an uncursed ring of protection from magic
 p - a +4 amulet of reflection
 q - a +5 ring of dexterity (right hand)
 v - an uncursed ring of protection from cold
 N - a +5 ring of strength
 P - an uncursed ring of fire
Wands
 X - a wand of teleportation (9/9)
Scrolls
 e - 9 scrolls of teleportation
 i - 3 scrolls of identify
 o - 4 scrolls of remove curse
 w - a scroll of fog
 y - 4 scrolls of magic mapping
 E - a scroll of summoning
 M - a scroll of enchant armour
 Q - 5 scrolls of blinking
 T - 2 scrolls of enchant weapon
Potions
 a - a potion of degeneration
 d - a potion of might
 g - 3 potions of heal wounds
 r - 5 potions of agility
 z - 12 potions of curing
 A - a potion of resistance
 G - 6 potions of flight
 I - 2 potions of haste
 R - a potion of berserk rage
Comestibles
 c - 9 chunks of flesh
 f - 15 bread rations
 l - 9 meat rations
 F - 3 slices of pizza
 J - 47 fruits
 W - a beef jerky


   Skills:
 + Level 14.6(19.6) Fighting
 + Level 17.3(22.3) Long Blades
 + Level 13.9(18.9) Armour
 + Level 5.9(10.9) Dodging
 + Level 1.5(6.5) Stealth
 + Level 18.9(23.9) Shields
 + Level 1.4 Invocations


You had 14 spell levels left.
You didn't know any spells.

Dungeon Overview and Level Annotations

Branches:
Dungeon (15/15)            Temple (1/1) D:4            Lair (8/8) D:10
  Swamp (0/4) Lair:3       Spider (0/4) Lair:3        Slime (0/6) Lair:6
    Orc (2/2) D:10         Vaults (0/5) D:14         Depths (0/5) D:15
    Elf: Orc:2

Altars:
Ashenzari
Cheibriados
Dithmenos
Elyvilon
Fedhas
Gozag
Kikubaaqudgha
Makhleb
Nemelex Xobeh
Okawaru
Pakellas
Qazlal
Ru
Sif Muna
Trog
Vehumet
Xom
Yredelemnul
Zin
The Shining One
Jiyva

Shops:
D:9 [?*   D:15 :(   Orc:1 :   Orc:2 :*(

Portals:
Hell: Lair:8


Innate Abilities, Weirdness & Mutations

You reflexively headbutt those who attack you in melee.
You have a pair of horns on your head.


Message History

You kill the orc warrior!
Okawaru accepts your kill.
Your surroundings suddenly seem different.
Found 9 gold pieces.
Found Rikuiclo's General Store.
Unknown command.
The orc sorcerer shouts!
The chaos spawn buzzes angrily.
The smoke demon roars!
The orc sorcerer shouts!
The orc high priest shouts!
The orc sorcerer no longer looks unusually strong.
You block the sixfirhy's attack. The sixfirhy barely misses you.
You furiously retaliate!
You headbutt the sixfirhy.
There is an entrance to Rikuiclo's General Store here.
Read which item? (? for menu, Esc to quit)
As you read the scroll of teleportation, it crumbles to dust.
You feel strangely unstable.
The orc high priest mumbles some strange prayers to Beogh against you.
Beogh smites you!
* * * LOW HITPOINT WARNING * * *
The orc sorcerer casts a spell at you. The bolt of fire hits you!
You die...

..................§3.).3....∩
....................3..o....
.##.#....##.........o3O3.P..
## .....###..........o......
.# ......#.#P....PoT3o......
.. ...#.............3......P
.. #.#.........P........ ..
##......8.4...... .
.........@....P# .
.....P......P..#
...............#
.................
..............$..
........P........
.......#.........
.................
P...............


You could see an orc knight (wandering), an orc high priest, a sun demon, a
troll, a sixfirhy, 2 smoke demons, 2 chaos spawn, 3 orc sorcerers and an ogre.

Vanquished Creatures
  Maud (D:10)
  An orc warlord (Orc:2)
  Nessos (D:12)
  4 vault guards (D:13)
  Snorg (D:12)
  Erolcha (D:10)
  A yaktaur captain (D:15)
  Josephine (D:12)
  A minotaur (Lab)
  6 hydras
  2 catoblepae
  14 death yaks
  A centaur warrior (D:15)
  A tengu warrior (D:13)
  3 orc high priests
  A sun demon (Lair:8)
  A fire crab (Lair:8)
  An unseen horror (D:14)
  An orc knight (Orc:1)
  6 hill giants
  A wizard (Lair:8)
  4 ugly things (D:12)
  2 griffons
  3 orc sorcerers
  6 cyclopes
  14 elephants
  6 black mambas
  3 centaur zombies
  Joseph (D:14)
  2 gargoyles (D:14)
  3 ice statues (IceCv)
  A smoke demon (Lair:8)
  A torpor snail (Lair:5)
  18 spiny frogs
  3 orange demons (Lair:8)
  A yaktaur (D:15)
  2 efreet
  2 kobold demonologists
  6 rime drakes
  3 red devils (Lair:8)
  2 ice devils (Lair:8)
  10 komodo dragons
  A hellwing (Lair:8)
  2 minotaur zombies (Lab)
  7 trolls
  A tengu conjurer (D:10)
  A jumping spider (Lair:3)
  2 polar bears (D:12)
  2 boulder beetles
  7 blink frogs
  Prince Ribbit (D:7)
  3 slime creatures (D:13)
  2 redbacks (Lab)
  2 shadows
  A vampire (D:9)
  4 wyverns
  7 wraiths
  79 yaks
  12 hippogriffs
  2 basilisks
  3 hungry ghosts
  A vampire mosquito (D:14)
  A steam dragon (D:12)
  A warg (Orc:2)
  Edmund (D:6)
  2 mottled dragons (D:14)
  A soldier ant (D:14)
  2 hell hounds (Lair:8)
  17 water moccasins
  6 porcupines
  23 orc warriors
  A sky beast (D:9)
  16 ice beasts
  2 necrophages
  9 ogres
  3 phantoms
  2 black bears
  A wasp (D:15)
  3 centaurs
  3 wolves (Lair:8)
  20 crocodiles
  3 big kobolds
  Blork the orc (D:5)
  A wyvern zombie (D:13)
  29 giant frogs
  A gnoll sergeant (D:9)
  A wyvern skeleton (D:12)
  2 scorpions
  8 killer bees
  5 wights (D:15)
  3 electric eels
  A howler monkey (D:14)
  6 jellies
  8 crimson imps
  2 quasits
  3 giant frog skeletons
  5 hounds
  6 centaur skeletons
  20 orc wizards
  Crazy Yiuf (D:3)
  13 orc priests
  13 iguanas
  6 worker ants
  29 sheep
  3 centaur simulacra (D:12)
  2 giant frog simulacra (D:12)
  2 hound skeletons
  2 howler monkey skeletons
  4 gnolls (D:9)
  102 river rats
  15 adders
  A shadow imp (D:6)
  16 white imps (D:12)
  3 ufetubi (D:12)
  An adder zombie (D:9)
  2 adder skeletons
  7 worms
  5 dart slugs
  9 giant geckos
  72 orcs
  10 bats
  5 giant cockroaches
  3 goblins
  5 hobgoblins
  10 jackals
  20 kobolds
  5 quokkas
  2 ball pythons
  8 giant newts
  A quokka zombie (D:6)
  6 rats
  2 fungi
  3 plants (Lair:7)
890 creatures vanquished.

Vanquished Creatures (others)
  A kobold (D:12)
  29 fungi
  9 plants
39 creatures vanquished.

Grand Total: 929 creatures vanquished

Notes
Turn   | Place    | Note
--------------------------------------------------------------
     0 | D:1      | Peloso the Minotaur Fighter began the quest for the Orb.
     0 | D:1      | Reached XP level 1. HP: 19/19 MP: 0/0
   208 | D:1      | Reached XP level 2. HP: 21/27 MP: 1/1
   563 | D:1      | Reached skill level 4 in Shields
   729 | D:2      | Reached XP level 3. HP: 33/33 MP: 2/2
   799 | D:2      | Found a radiant altar of Vehumet.
  1297 | D:3      | Reached XP level 4. HP: 38/40 MP: 3/3
  1380 | D:3      | Reached skill level 1 in Dodging
  1690 | D:3      | Reached XP level 5. HP: 39/47 MP: 4/4
  1737 | D:3      | Found an opulent altar of Gozag.
  1746 | D:3      | Found a glowing golden altar of the Shining One.
  1795 | D:3      | Reached skill level 5 in Shields
  1919 | D:3      | Noticed Crazy Yiuf
  1923 | D:3      | Killed Crazy Yiuf
  2120 | D:4      | Reached XP level 6. HP: 50/55 MP: 5/5
  2125 | D:4      | Reached skill level 5 in Armour
  2252 | D:4      | Reached skill level 5 in Fighting
  2350 | D:4      | Reached skill level 6 in Shields
  2894 | D:4      | Reached XP level 7. HP: 60/61 MP: 6/6
  3005 | D:4      | Found a staircase to the Ecumenical Temple.
  3272 | Temple   | Entered the Ecumenical Temple
  3585 | D:5      | Entered Level 5 of the Dungeon
  3600 | D:5      | Noticed Blork the orc
  3608 | D:5      | Killed Blork the orc
  3616 | D:5      | Reached skill level 7 in Shields
  3873 | D:5      | Found a basalt altar of Yredelemnul.
  4148 | D:5      | Got a distressingly furry scale mail
  4159 | D:5      | Identified the +5 scale mail of Intercession {Int+2} (You found it on level 5 of the Dungeon)
  4177 | D:5      | Found a stormy altar of Qazlal.
  4408 | D:5      | Found an ancient bone altar of Kikubaaqudgha.
  4540 | D:6      | Noticed a yak
  4541 | D:6      | Noticed a yak
  4543 | D:6      | Noticed a yak
  4550 | D:6      | Killed a yak
  4554 | D:6      | Killed a yak
  4554 | D:6      | Reached skill level 5 in Long Blades
  4554 | D:6      | Reached XP level 8. HP: 32/70 MP: 7/7
  5028 | D:6      | Noticed Edmund
  5033 | D:6      | Reached skill level 8 in Shields
  5044 | D:6      | Killed Edmund
  5295 | D:6      | Reached XP level 9. HP: 66/79 MP: 8/8
  5424 | D:7      | Found a sparkling altar of Nemelex Xobeh.
  5445 | D:7      | Noticed Prince Ribbit
  5453 | D:7      | Killed Prince Ribbit
  5453 | D:7      | Reached skill level 1 in Stealth
  6125 | D:8      | Reached skill level 9 in Shields
  6320 | D:8      | Found a deep blue altar of Sif Muna.
  6430 | D:8      | Found a burning altar of Makhleb.
  6453 | D:8      | Found a shimmering altar of Xom.
  6697 | D:8      | Found a glowing silver altar of Zin.
  6772 | D:9      | Found Zajiew's Assorted Antiques.
  6805 | D:9      | Reached XP level 10. HP: 89/89 MP: 9/9
  6873 | D:9      | Found Ewihym's Magic Scroll Shop.
  6918 | D:9      | Found a bloodstained altar of Trog.
  7017 | D:9      | Found an iron altar of Okawaru.
  7022 | D:9      | Found Ciattize's Antique Armour Shoppe.
  7029 | D:9      | Became a worshipper of Warmaster Okawaru
  7034 | D:9      | Bought a transparent cloak for 266 gold pieces
  7045 | D:9      | Identified the cursed +0 cloak "Daamibips" {Int+3 Dex+8 Slay-4} (You bought it in a shop on level 9 of the Dungeon)
  7172 | D:9      | Found Plog's Food Shop.
  7266 | D:9      | Reached skill level 10 in Shields
  7473 | D:10     | Entered Level 10 of the Dungeon
  7508 | D:10     | Noticed a cyclops
  7518 | D:10     | Killed a cyclops
  7739 | D:10     | Reached * piety under Okawaru
  7785 | D:10     | Found a staircase to the Orcish Mines.
  7822 | Orc:1    | Entered Level 1 of the Orcish Mines
  8361 | D:10     | Noticed Erolcha
  8370 | D:10     | Killed Erolcha
  8370 | D:10     | Reached ** piety under Okawaru
  8370 | D:10     | Reached skill level 10 in Armour
  8370 | D:10     | Reached skill level 11 in Shields
  8538 | D:10     | Noticed Maud
  8559 | D:10     | Killed Maud
  8559 | D:10     | Reached XP level 11. HP: 81/97 MP: 7/10
  8768 | Orc:1    | Reached skill level 10 in Long Blades
  8773 | Orc:1    | Reached *** piety under Okawaru
  8934 | D:9      | Bought a pair of pitted boots for 266 gold pieces
  8941 | D:9      | Identified the cursed +0 pair of boots of Insecurity {Int+4} (You bought it in a shop on level 9 of the Dungeon)
  9241 | D:10     | Found a staircase to the Lair.
  9558 | D:10     | Reached skill level 12 in Shields
  9675 | D:11     | Reached skill level 10 in Fighting
  9796 | D:11     | Noticed a five-headed hydra
  9802 | D:11     | Killed a one-headed hydra
  9802 | D:11     | Reached **** piety under Okawaru
 10242 | D:11     | Noticed a hill giant
 10251 | D:11     | Killed a hill giant
 10251 | D:11     | Reached ***** piety under Okawaru
 10251 | D:11     | Reached skill level 5 in Dodging
 10372 | D:11     | Noticed an eight-headed hydra
 10378 | D:11     | Killed a five-headed hydra
 10378 | D:11     | Reached skill level 13 in Shields
 10402 | Lair:1   | Entered Level 1 of the Lair of Beasts
 10492 | Lair:1   | Received a gift from Okawaru
 10662 | Lair:1   | Reached XP level 12. HP: 108/108 MP: 11/11
 11656 | Lair:2   | Noticed an eight-headed hydra
 11665 | Lair:2   | Killed a four-headed hydra
 12059 | Lair:3   | Noticed a death yak
 12059 | Lair:3   | Noticed a death yak
 12059 | Lair:3   | Noticed a death yak
 12060 | Lair:3   | Noticed a death yak
 12060 | Lair:3   | Noticed a death yak
 12072 | Lair:3   | Killed a death yak
 12081 | Lair:3   | Killed a death yak
 12081 | Lair:3   | Reached skill level 14 in Shields
 12087 | Lair:3   | Killed a death yak
 12097 | Lair:3   | Killed a death yak
 12107 | Lair:3   | Killed a death yak
 12204 | Lair:3   | Found a staircase to the Swamp.
 12219 | Lair:3   | Found a hole to the Spider Nest.
 12247 | Lair:3   | Received a gift from Okawaru
 12853 | Lair:4   | Reached XP level 13. HP: 107/117 MP: 12/12
 13048 | Lair:4   | Reached skill level 15 in Shields
 14078 | Lair:5   | Received a gift from Okawaru
 14887 | Lair:6   | Reached skill level 16 in Shields
 14996 | Lair:6   | Found a viscous altar of Jiyva.
 14996 | Lair:6   | Found a staircase to the Slime Pits.
 15605 | Lair:7   | Reached ****** piety under Okawaru
 15724 | Lair:7   | Received a gift from Okawaru
 15724 | Lair:7   | Reached XP level 14. HP: 127/127 MP: 13/13
 16027 | Lair:8   | Entered Level 8 of the Lair of Beasts
 16062 | Lair:8   | Found a labyrinth entrance.
 16080 | Lab      | Entered a labyrinth
 16383 | Lair:8   | Received a gift from Okawaru
 16504 | Lair:8   | Reached skill level 15 in Long Blades
 17279 | Lair:8   | Reached skill level 17 in Shields
 17333 | Lair:8   | Received a gift from Okawaru
 18211 | Lair:8   | Found a burning altar of Makhleb.
 18662 | Lair:8   | Got a heavily runed iron ring
 18672 | Lair:8   | Found a gateway to Hell.
 18966 | Lair:6   | Identified the ring of Oshaor {EV+3 Int+4} (You took it off a red devil on level 8 of the Lair of Beasts)
 19507 | D:12     | Noticed Snorg
 19522 | D:12     | Killed Snorg
 19556 | D:12     | Found a frozen archway.
 19590 | IceCv    | Entered an ice cave
 20034 | D:12     | Noticed Josephine
 20047 | D:12     | Killed Josephine
 20047 | D:12     | Received a gift from Okawaru
 20047 | D:12     | Reached skill level 1 in Invocations
 20084 | D:12     | Reached XP level 15. HP: 102/137 MP: 14/14
 20093 | D:12     | Got a distressingly furry scale mail {god gift}
 20262 | D:12     | Identified the +3 scale mail of the New World {rC+} (Okawaru gifted it to you on level 12 of the Dungeon)
 20337 | D:12     | Reached skill level 18 in Shields
 20616 | D:12     | Noticed Nessos
 20639 | D:12     | Killed Nessos
 21650 | D:14     | Found a gate to the Vaults.
 21941 | D:14     | Received a gift from Okawaru
 22142 | D:14     | Noticed Joseph
 22159 | D:14     | Killed Joseph
 22439 | D:14     | Found a shimmering altar of Xom.
 23209 | D:15     | Entered Level 15 of the Dungeon
 23249 | D:15     | Found a staircase to the Depths.
 23303 | D:15     | Found Beangael's Book Shoppe.
 23395 | D:15     | Found Omaegal's Antique Weapon Shoppe.
 23806 | D:15     | Bought a runed demon blade for 645 gold pieces
 24057 | Lair:6   | Identified a scroll of acquirement
 24299 | Orc:1    | Found Wyczowao's Book Boutique.
 24618 | Orc:1    | Received a gift from Okawaru
 24859 | Orc:2    | Entered Level 2 of the Orcish Mines
 24993 | Orc:2    | Found Aryal's Book Boutique.
 25073 | Orc:2    | Found Majopit's Antique Weapon Shoppe.
 25073 | Orc:2    | Noticed an orc warlord
 25111 | Orc:2    | Killed an orc warlord
 25117 | Orc:2    | Found Rikuiclo's General Store.
 25121 | Orc:2    | Killed from afar by an orc sorcerer

Skill      XL: |  1  2  3  4  5  6  7  8  9 10 11 12 13 14 15 |
---------------+----------------------------------------------+-----
Armour         | 4 5 6 7 9 10 11 12 13 | 13.9
Shields        | 4 5 6 7 8 9 11 13 14 16 17 18 | 18.9
Fighting       | 4 5 6 7 8 9 10 11 12 13 14 | 14.6
Long Blades    | 3 4 5 6 8 9 11 13 14 16 17 | 17.3
Dodging        | 1 2 3 4 5 |  5.9
Stealth        | 1 |  1.5
Invocations    | 1 |  1.4

Action                   |  1- 3 |  4- 6 |  7- 9 | 10-12 | 13-15 || total
-------------------------+-------+-------+-------+-------+-------++-------
Melee: Long sword        |   127 |   152 |   269 |    99 |       ||   647
       Headbutt          |    16 |    26 |    54 |   201 |   499 ||   796
       Scimitar          |       |       |       |   624 |  1481 ||  2105
       Demon blade       |       |       |       |       |   132 ||   132
Invok: Heroism           |       |       |       |     1 |     9 ||    10
  Use: Scroll            |       |     6 |     6 |     3 |    20 ||    35
       Potion            |       |       |       |     1 |       ||     1
  Eat: Chunk             |     1 |     5 |    14 |    23 |    33 ||    76
       Fruit             |       |       |     1 |       |     1 ||     2
       Pizza             |       |       |     1 |       |       ||     1
       Royal jelly       |       |       |       |       |     2 ||     2
       Beef jerky        |       |       |       |       |     2 ||     2
Armor: Scale mail        |    12 |       |    38 |       |       ||    50
       Chain mail        |    59 |    88 |    14 |       |       ||   161
       Plate armour      |       |       |    33 |   205 |    76 ||   314
       Crystal plate arm |       |       |       |    33 |   669 ||   702
Dodge: Dodged            |    29 |    50 |    57 |   172 |   420 ||   728
Block: Shield            |    66 |   107 |   120 |   666 |  1361 ||  2320
       Reflection        |       |       |       |     7 |    18 ||    25
